 Dungeon Crawl Stone Soup version 0.19.1 (webtiles) character file.

254 JeffiDaFish the Shield-Bearer (level 6, -2/38 HPs)
             Began as a Gargoyle Fighter on Dec 14, 2016.
             Was an Initiate of Makhleb.
             Slain by Grinder (4 damage)
             ... on level 4 of the Dungeon.
             The game lasted 00:06:29 (2581 turns).

JeffiDaFish the Shield-Bearer (Gargoyle Fighter)    Turns: 2581, Time: 00:06:30

Health: -2/38      AC: 15    Str: 19    XL:     6   Next: 15%
Magic:  6/6        EV:  5    Int: 14    God:    Makhleb [......]
Gold:   173        SH: 14    Dex: 11    Spells: 0 memorised, 5 levels left

rFire  . . .     SeeInvis .     a - +0 flail
rCold  . . .     Gourm    .     j - +0 chain mail
rNeg   + . .     Faith    .     c - +0 shield
rPois  ∞         Spirit   .     (no helmet)
rElec  +         Reflect  +     b - +0 cloak
rCorr  .         Harm     .     (no gloves)
MR     .....                    (no boots)
Stlth  ..........               g - +5 amulet of reflection
                                (no ring)
                                e - +5 ring of intelligence

@: no status effects
A: negative energy resistance 1, electricity resistance, unbreathing,
petrification resistance, rot immunity, AC +4
a: Renounce Religion


You were on level 4 of the Dungeon.
You worshipped Makhleb.
Makhleb was noncommittal.
You were not hungry.

You visited 1 branch of the dungeon, and saw 4 of its levels.

You collected 173 gold pieces.

Inventory:

Hand Weapons
 a - a +0 flail (weapon)
Armour
 b - a +0 cloak (worn)
 c - a +0 shield (worn)
 j - a +0 chain mail (worn)
Jewellery
 e - a +5 ring of intelligence (left hand)
 g - a +5 amulet of reflection (around neck)
Scrolls
 i - 5 scrolls of identify
Potions
 d - a potion of cure mutation
 n - a potion of curing
Comestibles
 f - 4 bread rations
 h - 2 beef jerkies
 l - a meat ration
 m - a slice of pizza
 o - 2 fruits


   Skills:
 + Level 3.8 Fighting
 + Level 3.8 Maces & Flails
 + Level 4.0 Armour
 + Level 1.0 Dodging
 + Level 0.8 Stealth
 + Level 5.1 Shields


You had 5 spell levels left.
You didn't know any spells.

Dungeon Overview and Level Annotations

Branches:
Dungeon (4/15)
 Temple: D:4-7

Altars:
Ashenzari
Dithmenos
Kikubaaqudgha
Makhleb
Nemelex Xobeh
Xom
Zin
The Shining One

Annotations:
D:4 Grinder


Innate Abilities, Weirdness & Mutations

You are resistant to torment.
Your stone body is resilient. (AC +4)
You are immune to poison.
You resist negative energy. (rN+)
You are resistant to electric shocks. (rElec)
You can survive without breathing.
You are immune to petrification.
You are immune to rotting.


Message History

Your shield and chain mail prevent you from hitting Grinder.
Grinder is lightly wounded.
Grinder hits you but does no damage.
You closely miss Grinder.
Grinder is lightly wounded.
Grinder gestures at you. Pain shoots through your body!
The orc priest calls down the wrath of Beogh upon you.
Beogh smites you! You block the orc's attack.
The orc priest invokes the aid of Beogh against you.
Beogh smites you!
* * * LOW HITPOINT WARNING * * *
Grinder barely misses you.
You hit the orc.
The orc is lightly wounded.
The orc hits you but does no damage. You block Grinder's attack.
You closely miss the orc.
The orc is lightly wounded.
You block the orc's attack. Grinder hits you.
You die...

#........ #........
###########.......
............##..###
.#...##............
................#
....^.......#...#
.....#5###.....#
#.. #@# #.#...# #
#o# #.#...# .o.
#.#...#
.#..##.#...###
#.#..##.......# #
#..####.#...# #..#
##(....##### #..#
#...#......#
#.....####.#


You could see Grinder and 2 orcs.

Vanquished Creatures
  The ghost of krigyl the Covered, an amateur HuWn (D:3)
  A hound (D:4)
  A jelly (D:3)
  2 adders
  4 oozes
  A worm (D:3)
  7 dart slugs
  A leopard gecko (D:1)
  2 orcs (D:3)
  A giant cockroach (D:2)
  7 hobgoblins
  5 jackals (D:2)
  7 kobolds
  A quokka (D:3)
  2 ball pythons (D:3)
  9 bats
  3 frilled lizards
  A goblin (D:1)
  9 rats
65 creatures vanquished.

Notes
Turn   | Place    | Note
-------+----------+-------------------------------------------
     0 | D:1      | JeffiDaFish the Gargoyle Fighter began the quest for the Orb.
     0 | D:1      | Reached XP level 1. HP: 14/14 MP: 1/1
   114 | D:1      | Reached XP level 2. HP: 19/19 MP: 2/2
   379 | D:1      | Reached XP level 3. HP: 23/23 MP: 3/3
   947 | D:2      | Reached skill level 4 in Shields
  1022 | D:2      | Found a shimmering altar of Xom.
  1022 | D:2      | Found a faded altar of an unknown god.
  1028 | D:2      | Found a faded altar of an unknown god.
  1034 | D:2      | Found a faded altar of an unknown god.
  1036 | D:2      | Found a faded altar of an unknown god.
  1061 | D:2      | Reached XP level 4. HP: 29/29 MP: 4/4
  1074 | D:2      | Found a shattered altar of Ashenzari.
  1623 | D:3      | Found a shadowy altar of Dithmenos.
  1711 | D:3      | Found a sparkling altar of Nemelex Xobeh.
  1714 | D:3      | Found a glowing silver altar of Zin.
  1717 | D:3      | Found an ancient bone altar of Kikubaaqudgha.
  1720 | D:3      | Found a burning altar of Makhleb.
  1724 | D:3      | Became a worshipper of Makhleb the Destroyer
  1809 | D:3      | Found a glowing golden altar of the Shining One.
  1845 | D:3      | Reached skill level 1 in Dodging
  1997 | D:3      | Reached XP level 5. HP: 33/33 MP: 5/5
  2358 | D:3      | Noticed krigyl's ghost (amateur HuWn)
  2374 | D:3      | Killed krigyl's ghost
  2517 | D:4      | Reached skill level 5 in Shields
  2517 | D:4      | Reached XP level 6. HP: 38/38 MP: 6/6
  2567 | D:4      | Noticed Grinder
  2581 | D:4      | Slain by Grinder

Skill      XL: |  1  2  3  4  5 |
---------------+----------------+-----
Shields        | 4 5 |  5.1
Dodging        | 1 |  1.0
Maces & Flails | 3 |  3.8
Armour         | 4 |  4.0
Fighting       | |  3.8
Stealth        | |  0.8

Action                   |  1- 3 |  4- 6 || total
-------------------------+-------+-------++-------
Melee: Flail             |   119 |   105 ||   224
  Use: Scroll            |     1 |     2 ||     3
       Potion            |     1 |     3 ||     4
  Eat: Chunk             |     1 |     5 ||     6
Armor: Scale mail        |    26 |       ||    26
       Chain mail        |    94 |    43 ||   137
Dodge: Dodged            |    42 |    17 ||    59
Block: Shield            |   103 |    67 ||   170
